 Dungeon Crawl Stone Soup version 0.26.0-10-g1f06aea511 (webtiles) character file.

Game seed: 5340378000571783259

77 Amaterasu the Bolt Thrower (level 4, 0/28 HPs)
             Began as a Kobold Hunter on Feb 1, 2021.
             Was an Initiate of Okawaru.
             Slain by a worm (9 damage)
             ... on level 3 of the Dungeon.
             The game lasted 00:03:13 (2437 turns).

Amaterasu the Bolt Thrower (Kobold Hunter)          Turns: 2437, Time: 00:03:13

Health: 0/28       AC:  7    Str:  9    XL:     4   Next: 60%
Magic:  4/4        EV: 15    Int: 12    God:    Okawaru [......]
Gold:   144        SH:  0    Dex: 16    Spells: 3/3 levels left

rFire    . . .     SeeInvis .   b - +0 short sword
rCold    . . .     Faith    .   (shield restricted)
rNeg     . . .     Spirit   .   c - +0 leather armour
rPois    .         Reflect  .   (no helmet)
rElec    .         Harm     .   h - +0 cloak
rCorr    .         Rampage  .   i - +2 pair of gloves
Will     .....                  (no boots)
Stlth    +++.......             (no amulet)
HPRegen  0.09/turn              (no ring)
MPRegen  0.09/turn              (no ring)

@: no status effects
A: small, nightstalker 3
a: Renounce Religion


You were on level 3 of the Dungeon.
You worshipped Okawaru.
Okawaru was noncommittal.
You visited 1 branch of the dungeon, and saw 3 of its levels.

You collected 144 gold pieces.

Inventory:

Hand Weapons
 a - a +1 hand crossbow
 b - a +0 short sword (weapon)
Missiles
 d - 19 bolts
Armour
 c - a +0 leather armour (worn)
 h - a +0 cloak (worn)
 i - a +2 pair of gloves (worn)
Wands
 k - a wand of acid (11)
Scrolls
 e - a scroll of teleportation
 g - 2 scrolls of identify
 l - a scroll of remove curse
 m - a scroll of amnesia {unknown}
Potions
 f - a potion of lignification
 j - a potion of mutation


   Skills:
 * Level 3.4 Fighting
 + Level 2.9 Short Blades
 * Level 5.1 Crossbows
 * Level 0.4 Armour
 * Level 2.5 Dodging
 - Level 1.3 Stealth
 * Level 0.6 Invocations


You had 3 spell levels left.
You didn't know any spells.
Your spell library was empty.

Dungeon Overview and Level Annotations

Branches:
Dungeon (3/15)

Altars:
Ashenzari
Dithmenos
Okawaru
Yredelemnul


Innate Abilities, Weirdness & Mutations

You are small and have problems with some larger weapons.
You are completely attuned to the shadows.


Message History

You are too injured to fight recklessly!
You are too injured to fight recklessly!
You are too injured to fight recklessly!
You completely miss the worm. The worm misses you.
You hit the worm.
The worm is lightly wounded.
You hit the worm.
The worm is heavily wounded.
The worm barely misses you.
You hit the worm but do no damage.
The worm is moderately wounded.
You hit the worm but do no damage.
The worm is moderately wounded.
The worm bites you.
You hit the worm but do no damage.
The worm is moderately wounded.
You barely miss the worm.
The worm is moderately wounded.
The worm bites you!
You die...

..............
#..............
#..............
#.............#
#...........###
#.#####...........# #
..#.......###....####
....w...............'
....@...............#
....................#
.....................
..........######....#
.....................
.....................
.................#...
...................#...
...###.............#...


You could see a worm.

Vanquished Creatures
  5 adders
  2 oozes
  2 leopard geckos
  A giant cockroach (D:1)
  A goblin (D:1)
  5 hobgoblins
  A bat (D:2)
  3 frilled lizards
  4 kobolds
  2 rats
26 creatures vanquished.

Vanquished Creatures (others)
  A plant (D:2)
1 creature vanquished.

Grand Total: 27 creatures vanquished

Notes
Turn   | Place    | Note
-------+----------+-------------------------------------------
     0 | D:1      | Amaterasu the Kobold Hunter began the quest for the Orb.
     0 | D:1      | Reached XP level 1. HP: 12/12 MP: 1/1
   294 | D:1      | Reached XP level 2. HP: 18/18 MP: 2/2
   359 | D:1      | Reached skill level 1 in Short Blades
   961 | D:2      | Reached XP level 3. HP: 23/23 MP: 3/3
  1102 | D:2      | Found a basalt altar of Yredelemnul.
  1193 | D:2      | Found an iron altar of Okawaru.
  1198 | D:2      | Became a worshipper of Warmaster Okawaru
  1554 | D:2      | Reached skill level 5 in Crossbows
  1554 | D:2      | Reached XP level 4. HP: 20/28 MP: 4/4
  2044 | D:3      | Found a shadowy altar of Dithmenos.
  2291 | D:3      | Found a broken altar of Ashenzari.
  2437 | D:3      | Slain by a worm

Illustrated notes

Levels and vault maps discovered:
D:1:      noname_arrival_rooms_in_the_neighbourhood, layout_basic,
          serial_curves, eino_curves_04, eino_curves_04, eino_curves_03,
          eino_curves_03, nrook_campfire, bh_walls_and_bars
D:2:      layout_loops_cross, marbit_many_paths, okawaru_metal_pillars_1_2,
          chequers_jeans, serial_bayou_lagoon_a
D:3:      layout_basic, ashenzari_altar_1, nicolae_dithmenos_shadow_blocks,
          fedhas_altar_2, minmay_fountain_box, minmay_crystal_room,
          minmay_diced_spiral

Skill      XL: |  1  2  3 |
---------------+----------+-----
Short Blades   | 2 |  2.9
Fighting       | 3 |  3.4
Crossbows      | 5 |  5.1
Armour         | |  0.4
Dodging        | |  2.5
Stealth        | |  1.3
Invocations    | |  0.6

Action                   |  1- 3 |  4- 6 || total
-------------------------+-------+-------++-------
Melee: Short sword       |    60 |    21 ||    81
 Fire: Hand crossbow     |     7 |     2 ||     9
  Use: Scroll            |     4 |     1 ||     5
 Stab: Sleeping          |    12 |     4 ||    16
Armor: Leather armour    |    10 |     3 ||    13
Dodge: Dodged            |    43 |     7 ||    50
